 Dungeon Crawl Stone Soup version 0.31-a0-1025-g2e47921a08 (webtiles) character file.

Game seed: 18239452676620177052

142 Maratek the Shield-Bearer (level 5, 0/41 HPs)
             Began as a Demonspawn Fighter on Nov 17, 2023.
             Succumbed to an adder's poison
             ... on level 4 of the Dungeon.
             The game lasted 00:03:08 (2139 turns).

Maratek the Shield-Bearer (Demonspawn Fighter)      Turns: 2139, Time: 00:03:08

Health: 0/41       AC: 12    Str: 19    XL:     5   Next: 3%
Magic:  5/5        EV:  7    Int:  9    God:
Gold:   174        SH:  4    Dex: 12    Spells: 4/4 levels left

rFire   . . .        a - +0 trident
rCold   . . .        c - +0 buckler
rNeg    . . .        h - +1 plate armour
rPois   .            (no helmet)
rElec   .            (no cloak)
rCorr   .            (no gloves)
SInv    .            (no boots)
Will    .....        (no amulet) Stlth
                     (no ring)
HPRegen 0.26/turn    (no ring)
MPRegen 0.09/turn

%: no passive effects
@: lethally poisoned (0 -> -2)
A: repulsion field 1, demonic magic 1
a: no special abilities


You were on level 4 of the Dungeon.
You visited 1 branch of the dungeon, and saw 4 of its levels.

You collected 174 gold pieces.

Inventory:

Hand Weapons
 a - a +0 trident (weapon)
Armour
 c - a +0 buckler (worn)
 h - a +1 plate armour (worn)
Scrolls
 e - 3 scrolls of blinking
 j - 2 scrolls of poison
 l - 5 scrolls of immolation
Potions
 b - 2 potions of degeneration {unknown}
 d - a potion of might
 f - 2 potions of curing
 g - a potion of cancellation
 i - a potion of enlightenment {unknown}
 m - a potion of haste {unknown}


   Skills:
 + Level 3.5 Fighting
 + Level 3.0 Polearms
 + Level 3.1 Armour
 + Level 0.2 Dodging
 + Level 3.7 Shields


You had 4 spell levels left.
You didn't know any spells.
Your spell library was empty.

Dungeon Overview and Level Annotations

Branches:
Dungeon (4/15)
 Temple: D:4-7

Altars:

Annotations:
D:2 1 runed translucent door, Crazy Yiuf


Innate Abilities, Weirdness & Mutations

You are surrounded by a mild repulsion field. (EV +2)
Spells you cast may paralyse adjacent enemies.


Message History

You barely miss the iguana.
The iguana is heavily wounded.
The iguana bites you.
The iguana bites you but does no damage.
You hit the iguana but do no damage.
The iguana is heavily wounded.
The iguana bites you.
* * * LOW HITPOINT WARNING * * *
You completely miss the iguana.
The iguana is heavily wounded.
The iguana barely misses you.
You barely miss the iguana.
The iguana is heavily wounded.
The iguana bites you.
* * * LOW HITPOINT WARNING * * *
You barely miss the iguana.
The iguana is heavily wounded.
The iguana bites you but does no damage.
You puncture the iguana!
You kill the iguana!
The orc hits you but does no damage.
Your Polearms skill increases to level 3!
You have reached level 5!
You hit the orc but do no damage. The orc hits you but does no damage.
You puncture the orc!
You kill the orc!
You puncture the adder!
The adder is severely wounded.
The adder bites you.
* * * LOW HITPOINT WARNING * * *
You are lethally poisoned!
The adder poisons you! The adder bites you but does no damage.
You barely miss the adder.
The adder is severely wounded.
* * * LOW HITPOINT WARNING * * *
You feel sick. The adder bites you but does no damage.
You block the adder's attack.
You barely miss the adder.
The adder is severely wounded.
You die...

##.###.#.#..# #.#.
##.⌠.# #.⌠.#.###...
##.#.#.###.#..#..>..
##.#.#.#.####.##..... #.
#.⌠.###.♣.##.........
...##.#.#.#.##.####.....
#..#.....#..# #.....
##....#....[# ###...
####@#.##..# ###. #S# ##
# #######.#.##.#
#......).....#
#.###S#........
#.##...#### . #..# ..
#.# .. .#


You could see an adder.

Vanquished Creatures
  2 iguanas
  An orc wizard (D:4)
  2 adders
  A worm (D:4)
  A dart slug (D:3)
  4 orcs
  3 endoplasms
  3 giant cockroaches
  4 goblins
  2 hobgoblins (D:2)
  2 quokkas
  3 ball pythons (D:2)
  4 bats
  A frilled lizard (D:2)
  2 kobolds (D:1)
  3 rats
38 creatures vanquished.

Notes
Turn   | Place    | Note
-------+----------+-------------------------------------------
     0 | D:1      | Maratek the Demonspawn Fighter began the quest for the Orb.
     0 | D:1      | Reached XP level 1. HP: 18/18 MP: 1/1
   906 | D:2      | Gained mutation: You are surrounded by a mild repulsion
                  | field. (EV +2) [demonic ancestry]
   906 | D:2      | Reached XP level 2. HP: 24/24 MP: 2/2
  1065 | D:2      | You fall into a shaft and drop 1 floor!
  1272 | D:2      | Reached XP level 3. HP: 25/29 MP: 3/3
  1597 | D:2      | Found a runed translucent door.
  1598 | D:2      | Noticed Crazy Yiuf
  1745 | D:3      | Gained mutation: Spells you cast may paralyse adjacent
                  | enemies. [demonic ancestry]
  1745 | D:3      | Reached XP level 4. HP: 28/35 MP: 4/4
  2135 | D:4      | Reached XP level 5. HP: 3/41 MP: 5/5
  2138 | D:4      | HP: 1/41 [poisoned by an adder]
  2139 | D:4      | Succumbed to an adder's poison

Illustrated notes

Levels and vault maps discovered:
D:1:      dpeg_arrival_more_subterranean_lakeside_camping, layout_basic,
          serial_bayou, serial_bayou_pond_d, serial_bayou_shore_b,
          serial_bayou_ford_a, serial_bayou_shore_a
D:2:      layout_basic, kennysheep_another_room, uniq_crazy_yiuf_cottage
D:3:      layout_basic, mainiacjoe_overflow_paths, guppyfry_early_lair_pool
D:4:      layout_loops_ring, lemuel_round_altar, grunt_decor_mini_mirrors

Skill      XL: |  1  2  3  4 |
---------------+-------------+-----
Shields        | 3 |  3.7
Polearms       | 2 3 |  3.0
Armour         | 3 |  3.1
Fighting       | |  3.5
Dodging        | |  0.2

Action                     |  1- 3 |  4- 6 || total
---------------------------+-------+-------++-------
  Melee: Trident           |   100 |    86 ||   186
    Use: Scroll            |     8 |       ||     8
 Armour: Scale mail        |    12 |       ||    12
         Plate armour      |    60 |    74 ||   134
  Dodge: Dodged            |    27 |    30 ||    57
  Block: Buckler           |    17 |    13 ||    30

Table legend: (Time is in decaauts)
 A = Elapsed time spent in this place.
 B = Non-inter-level travel time spent in this place.
 C = Inter-level travel time spent in this place.
 D = Time resting spent in this place.
 E = Time spent auto-exploring this place.
 F = Levels seen in this place.
 G = Mean time per level.
                   A        B        C        D        E       F      G
               +--------+--------+--------+--------+--------+-----+--------+
         Total |   2202 |   2063 |    139 |      0 |   1697 |   4 |  550.5 |
       Dungeon |   2202 |   2063 |    139 |      0 |   1697 |   4 |  550.5 |
               +--------+--------+--------+--------+--------+-----+--------+

Top non-repeatable levels by time:
     D:1: 894 daAuts
     D:2: 789 daAuts
     D:3: 416 daAuts
     D:4: 101 daAuts
